 Dungeon Crawl Stone Soup version 0.30.0-11-gf55b779eaf (webtiles) character file.

Game seed: 9477915667275656249

324 Jackthecabe the Trooper (level 6, 0/49 HPs)
             Began as a Djinni Fire Elementalist on May 17, 2023.
             Slain by a lemure (6 damage)
             ... led by Pikel
             ... on level 3 of the Dungeon.
             The game lasted 00:05:18 (2981 turns).

Jackthecabe the Trooper (Djinni Fire Elementalist)  Turns: 2981, Time: 00:05:19

Health: 0/49       AC:  5    Str:  7    XL:     6   Next: 77%
Gold:   226        EV: 11    Int: 18    God:
                   SH:  5    Dex: 14

rFire   + + .        t - +7 sling "Eshrus" {elec, rN+}
rCold   x . .        (no shield)
rNeg    + . .        j - +0 leather armour
rPois   ∞            (no helmet)
rElec   .            u - +0 cloak
rCorr   .            o - +0 pair of gloves
SInv    .            (boots unavailable)
Will    .....        s - amulet of reflection
Stlth   ++           (no ring)
HPRegen 0.28/turn    (no ring)
MPRegen 0.00/turn

%: reflection, infuse magic (-1 HP)
@: flying
A: sickness immunity, fire resistance 2, cold vulnerability 1, float, innate
caster, HP casting, extra vitality 1
a: no special abilities


You were on level 3 of the Dungeon.
You visited 1 branch of the dungeon, and saw 4 of its levels.

You collected 226 gold pieces.


Innate Abilities, Weirdness & Mutations

You are immune to sickness and miasma.
You are immune to poison.
Your flesh is very heat resistant. (rF++)
You are vulnerable to cold. (rC-)
You float through the air rather than walking.
You learn spells naturally, not from books.
Your magical power is your life essence.
You have superior vitality. (+4 MHP)


   Skills:
 * Level 5.0 Fighting
 - Level 2.1 Dodging
 - Level 1.5 Stealth
 + Level 3.6 Spellcasting


You knew the following spells:

 Your Spells              Type           Power      Damage    Failure   Level
a - Necrotise             Necr           64%        1d7       4%          1
f - Foxfire               Conj/Fire      64%        2x1d7     4%          1
l - Lesser Beckoning      Tloc           32%        N/A       8%          2
r - Inner Flame           Hex/Fire       16%        N/A       16%         3
X - Scorch                Fire           32%        2d6       8%          2
Y - Volatile Blastmotes   Fire/Tloc      32%        2d12      16%         3
Z - Flame Wave            Conj/Fire      16%        2d7       45%         4
Your spell library was empty.

Inventory:

Hand Weapons
 h - a +0 vampiric dagger
 l - a +1 vampiric whip
 p - a +1 sling of electrocution
 t - the +7 sling "Eshrus" (weapon) {elec, rN+}
   (You found it on level 3 of the Dungeon)

   rN:        It protects you from negative energy.
Missiles
 f - 2 poisoned darts
Armour
 a - a +0 robe
 j - a +0 leather armour (worn)
 o - a +0 pair of gloves (worn)
 u - a +0 cloak (worn)
Magical Staves
 q - a staff of cold {!a}
Jewellery
 s - an amulet of reflection (around neck)
Scrolls
 b - a scroll of amnesia {unknown}
 e - 2 scrolls of enchant armour {unknown}
 g - 3 scrolls of fear {unknown}
 i - 4 scrolls of identify {unknown}
 n - a scroll of noise {unknown}
 r - a scroll of torment {unknown}
Potions
 c - a potion of lignification {unknown}
 d - 2 potions of flight {unknown}
 k - 2 potions of resistance {unknown}
 m - a potion of ambrosia {unknown}
 v - a potion of magic {unknown}

Dungeon Overview and Level Annotations

Branches:
Dungeon (4/15)
 Temple: D:4-7

Altars:

Annotations:
D:4 Pikel

####....#####'#..................
#<.......#.#..................
#........#.#..................
#..........#..................
#..........#..................
#..........#......▒▒▒≈▒▒▒.....
#.................▒.▒≈▒.▒.....
#########..#.5..▒▒▒.▒≈▒.▒▒▒...
#.....5@#.....▒≈▒.......
#.[..##.#.▒▒▒.▒≈▒.▒▒▒...
#....##.#...▒.▒≈▒.▒...##
#....##..##.▒▒▒~▒▒▒.#.#
#......#..............##
##.#.#.#####............
#.........#####...#..##
#.........# #......## #.........#
##........


You could see 2 lemures.


Message History

Flames lash the lemure.
The lemure is burned terribly!
The lemure is heavily wounded.
The foxfire hits the lemure.
The lemure is burned terribly!
The lemure is severely wounded.
The foxfire hits the lemure but does no damage.
The lemure is lightly wounded.
The lemure hits you. x2
* * * LOW HITPOINT WARNING * * *
Casting: Scorch (safe; 8% risk of failure)
Confirm with . or Enter, or press ? or * to list all spells.
Flames lash the lemure.
The lemure is moderately wounded.
The lemure's fire resistance burns away.
* * * LOW HITPOINT WARNING * * *
You block the lemure's attack. The lemure closely misses you.
Casting: Scorch (safe; 8% risk of failure)
Confirm with . or Enter, or press ? or * to list all spells.
You conjure some foxfire!
* * * LOW HITPOINT WARNING * * *
The lemure hits you!
* * * LOW HITPOINT WARNING * * *
The lemure hits you.
* * * LOW HITPOINT WARNING * * *
Your magical contamination has completely faded away.
The foxfire hits the lemure but does no damage.
The lemure is severely wounded.
The foxfire hits the lemure but does no damage.
The lemure is moderately wounded.
The lemure hits you.
You die...

Skill      XL: |  1  2  3  4  5  6 |
---------------+-------------------+-----
Fighting       | 1 2 3 4 5 |  5.0
Spellcasting   | 3 |  3.6
Dodging        | |  2.1
Stealth        | |  1.5

Action                     |  1- 3 |  4- 6 || total
---------------------------+-------+-------++-------
  Melee: Dagger            |     1 |       ||     1
   Fire: Sling             |       |    62 ||    62
   Cast: Foxfire           |    50 |    47 ||    97
         Scorch            |     1 |    39 ||    40
 Armour: Robe              |     3 |       ||     3
         Leather armour    |     2 |    20 ||    22
  Dodge: Dodged            |     4 |    34 ||    38
  Block: Other             |       |    15 ||    15
         Reflection        |       |     1 ||     1

Levels and vault maps discovered:
D:1:      matt_arrival_los_fun, layout_basic, basic_ecumenical_altar
D:2:      layout_basic
D:3:      cheibrodos_fertilizer, layout_rooms, hangedman_decor_growths,
          minmay_misc_feat_encased, serial_park_tiny_pond, grunt_decor_cap,
          due_unseen_surprise
D:4:      layout_gridville, lemuel_doored_altar, uniq_pikel

Notes
Turn   | Place    | Note
-------+----------+-------------------------------------------
     0 | D:1      | Jackthecabe the Djinni Fire Elementalist began the quest
                  | for the Orb.
     0 | D:1      | Jackthecabe set off with the following spells memorised:
                  | Foxfire, Scorch, Volatile Blastmotes, Inner Flame, Flame
                  | Wave.
     0 | D:1      | Reached XP level 1. HP: 15/15 MP: 0/0
   195 | D:1      | Found a faded altar of an unknown god.
   200 | D:1      | Reached skill level 1 in Fighting
   200 | D:1      | Reached XP level 2. HP: 22/22 MP: 0/0
   494 | D:1      | Reached XP level 3. HP: 23/28 MP: 0/0
   494 | D:1      | Learned a level 1 spell: Necrotise
   567 | D:1      | Reached skill level 2 in Fighting
   925 | D:2      | Reached XP level 4. HP: 32/34 MP: 0/0
  1263 | D:2      | Reached skill level 3 in Fighting
  1391 | D:2      | Reached skill level 3 in Spellcasting
  1558 | D:2      | Reached XP level 5. HP: 19/40 MP: 0/0
  1558 | D:2      | Learned a level 2 spell: Lesser Beckoning
  2097 | D:3      | Identified the +7 sling "Eshrus" {elec, rN+}
  2323 | D:3      | Reached skill level 4 in Fighting
  2325 | D:3      | Reached XP level 6. HP: 40/47 MP: 0/0
  2576 | D:4      | Noticed Pikel
  2622 | D:3      | Reached skill level 5 in Fighting
  2981 | D:3      | Slain by a lemure

Vanquished Creatures
  A lemure (D:3)
  A scorpion (D:3)
  3 jellies (D:3)
  4 gnolls
  4 adders
  9 orcs
  12 bats
  19 endoplasms
  3 giant cockroaches
  5 hobgoblins
  12 kobolds
  2 quokkas (D:1)
  6 ball pythons
  6 frilled lizards
  3 goblins
  3 rats
93 creatures vanquished.

Vanquished Creatures (others)
  162 foxfires
162 creatures vanquished.

Grand Total: 255 creatures vanquished

Table legend: (Time is in decaauts)
 A = Elapsed time spent in this place.
 B = Non-inter-level travel time spent in this place.
 C = Inter-level travel time spent in this place.
 D = Time resting spent in this place.
 E = Time spent auto-exploring this place.
 F = Levels seen in this place.
 G = Mean time per level.
                   A        B        C        D        E       F      G
               +--------+--------+--------+--------+--------+-----+--------+
         Total |   3010 |   2911 |     99 |    595 |   1759 |   4 |  752.5 |
       Dungeon |   3010 |   2911 |     99 |    595 |   1759 |   4 |  752.5 |
               +--------+--------+--------+--------+--------+-----+--------+

Top non-repeatable levels by time:
     D:3: 1125 daAuts
     D:2: 905 daAuts
     D:1: 831 daAuts
     D:4: 147 daAuts

Table legend:
 A = Non-vault XP
 B = Vault XP
 C = Vault XP percentage of total XP
 D = Non-vault monster count
 E = Vault monster count
 F = Vault count percentage of total count
                 A         B        C        D         E       F
            +---------+---------+-------+---------+---------+-------
      Total |     314 |     149 |  32.2 |      74 |      18 |  19.6
            +---------+---------+-------+---------+---------+-------
        D:1 |      36 |       0 |   0.0 |      23 |       0 |   0.0
        D:2 |     114 |       0 |   0.0 |      25 |       0 |   0.0
        D:3 |     152 |     149 |  49.5 |      22 |      18 |  45.0
        D:4 |      12 |       0 |   0.0 |       4 |       0 |   0.0
            +---------+---------+-------+---------+---------+-------
